 Dungeon Crawl Stone Soup version 0.31-a0-18-gea43df2a32 (webtiles) character file.

Game seed: 740411860947368114

1204 Dittersdorf the Covered (level 8, -11/52 HPs)
             Began as a Gargoyle Fighter on May 10, 2023.
             Killed by divine providence
             ... invoked by an orc priest
              (13 damage)
             ... on level 6 of the Dungeon.
             The game lasted 00:05:33 (5111 turns).

Dittersdorf the Covered (Gargoyle Fighter)          Turns: 5111, Time: 00:05:34

Health: -11/52     AC: 15    Str: 26    XL:     8   Next: 45%
Magic:  8/8        EV: 15    Int: 10    God:
Gold:   237        SH:  0    Dex:  9    Spells: 7/7 levels left

rFire   . . .        a - +0 flail (elec)
rCold   . . .        c - +0 buckler
rNeg    + . .        m - +0 ring mail of Vampiric Thralls {Str+5}
rPois   ∞            (no helmet)
rElec   +            n - +1 cloak {rPois}
rCorr   .            k - +0 pair of gloves
SInv    .            (no boots)
Will    .....        f - amulet of faith Stlth
                     q - +5 ring of evasion
HPRegen 0.28/turn    (no ring)
MPRegen 0.11/turn

%: faith
@: confused
A: sickness immunity, AC +5, negative energy resistance 1, electricity
resistance, torment resistance 1, petrification resistance
a: no special abilities


You were on level 6 of the Dungeon.
You visited 1 branch of the dungeon, and saw 6 of its levels.

You collected 237 gold pieces.

Inventory:

Hand Weapons
 a - a +0 flail of electrocution (weapon)
Missiles
 r - a poisoned dart (quivered)
Armour
 b - a +0 scale mail
 c - a +0 buckler (worn)
 k - a +0 pair of gloves (worn)
 m - the +0 ring mail of Vampiric Thralls (worn) {Str+5}
   (You found it on level 4 of the Dungeon)

   Str:       It affects your strength (+5).
 n - a +1 cloak of poison resistance (worn)
Jewellery
 f - an amulet of faith (around neck)
 q - a +5 ring of evasion (left hand)
Scrolls
 g - 2 scrolls of fear
 h - a scroll of enchant armour
 j - a scroll of silence {unknown}
 p - 2 scrolls of magic mapping
Potions
 d - a potion of might
 e - 3 potions of heal wounds
 i - 3 potions of curing
 l - a potion of berserk rage
 o - a potion of resistance
 s - a potion of ambrosia


   Skills:
 + Level 6.3 Fighting
 + Level 5.2 Maces & Flails
 + Level 6.3 Armour
 + Level 6.3 Shields


You had 7 spell levels left.
You didn't know any spells.
Your spell library contained the following spells:

 Spells                   Type           Power      Damage    Failure   Level
 Stone Arrow              Conj/Erth      0%         3d7       88%         3
 Vhi's Electric Charge    Tloc/Air       0%         N/A       88%         3
 Animate Armour           Summ/Erth      0%         N/A       99%         4
 Arcjolt                  Conj/Air       0%         1d10      100%        5
 Plasma Beam              Fire/Air       0%         2x1d11    100%        6
 Borgnjor's Revivificati  Necr           0%         N/A       100%        8
 Lehudib's Crystal Spear  Conj/Erth      0%         10d2      100%        8
 Necromutation            Tmut/Necr      0%         N/A       100%        8
 Death's Door             Necr           0%         N/A       100%        9


Dungeon Overview and Level Annotations

Branches:
Dungeon (6/15)
 Temple: D:4-7

Altars:
Gozag

Annotations:
D:6 2 runed translucent doors, patfeehan111222's ghost, novice DsBe


Innate Abilities, Weirdness & Mutations

You are immune to sickness and miasma.
Your stone body is resilient. (AC +5)
You are immune to poison.
You resist negative energy. (rN+)
You are resistant to electric shocks. (rElec)
You are resistant to unholy torment.
You are immune to petrification.


Message History

You barely miss the orc priest. The orc wizard misses you.
The orc priest calls upon Beogh to heal the orc wizard.
The orc wizard's wounds heal themselves!
The orc priest hits you with a +0 club.
* * * LOW HITPOINT WARNING * * *
You barely miss the orc priest.
The orc wizard points at you and mumbles some strange words.
You are confused.
The orc priest closely misses you.
The orc priest hits you but does no damage.
You bump into the rock wall.
The orc wizard hits you with a +0 dagger.
* * * LOW HITPOINT WARNING * * *
The orc priest hits you from afar with a +0 trident!
* * * LOW HITPOINT WARNING * * *
The orc priest misses you.
You closely miss the orc priest. The orc wizard casts a spell at you.
The puff of flame misses you. The orc priest closely misses you.
The orc priest hits you but does no damage.
You bump into the rock wall.
The orc wizard hits you but does no damage.
The orc priest hits you but does no damage.
The orc priest barely misses you.
You hit the orc priest but do no damage.
The orc wizard hits you with a +0 dagger.
* * * LOW HITPOINT WARNING * * *
The orc priest barely misses you. The orc priest completely misses you.
You thump the orc wizard!
Lightning courses through the orc wizard!
You kill the orc wizard!
The orc priest casts a cantrip, but nothing happens.
The orc priest completely misses you.
The orc priest begins to cast a cantrip, but forgets the words!
The orc priest completely misses you.
You're too confused to move!
The orc priest hits you but does no damage.
The orc priest mumbles some strange prayers to Beogh against you.
Beogh smites you!
You die...

##############
#....)@......#
......oo######.#
###.###o# ##.##
.. #.# #...# #
#.# ###.#.###
#.###...#...###
#.....#####...#
#####...#...#.#
###.#.###.#


You could see 2 orc priests and an orc.

Vanquished Creatures
  A water moccasin (D:6)
  2 ogres
  A centaur (D:6)
  2 phantoms (D:5)
  A gnoll sergeant (D:6)
  2 scorpions
  3 jellies
  A hound (D:4)
  An orc priest (D:6)
  A sleepcap (D:4)
  2 orc wizards
  2 iguanas (D:5)
  7 gnolls
  8 adders
  An ufetubus (D:5)
  2 worms
  17 orcs
  6 ball pythons
  5 bats
  3 endoplasms
  9 goblins
  4 hobgoblins
  10 jackals
  5 quokkas
  3 frilled lizards
  9 kobolds
  5 rats
113 creatures vanquished.

Vanquished Creatures (collateral kills)
  An endoplasm (D:4)
1 creature vanquished.

Grand Total: 114 creatures vanquished

Notes
Turn   | Place    | Note
-------+----------+-------------------------------------------
     0 | D:1      | Dittersdorf the Gargoyle Fighter began the quest for the
                  | Orb.
     0 | D:1      | Reached XP level 1. HP: 14/14 MP: 1/1
   135 | D:1      | Reached XP level 2. HP: 17/19 MP: 2/2
   267 | D:1      | Reached XP level 3. HP: 22/23 MP: 3/3
   812 | D:2      | Reached XP level 4. HP: 14/29 MP: 4/4
  1771 | D:3      | Reached XP level 5. HP: 32/33 MP: 5/5
  2890 | D:4      | Noticed an ogre
  2897 | D:4      | HP: 1/34 [ogre/+0 giant spiked club (9)]
  2900 | D:4      | Killed an ogre
  2901 | D:4      | Reached XP level 6. HP: 2/39 MP: 6/6
  3068 | D:4      | Identified the +0 ring mail of Vampiric Thralls {Str+5}
  3502 | D:5      | Entered Level 5 of the Dungeon
  3551 | D:5      | Reached skill level 5 in Fighting
  3551 | D:5      | Reached skill level 5 in Armour
  3551 | D:5      | Reached skill level 5 in Shields
  3551 | D:5      | Reached XP level 7. HP: 44/44 MP: 7/7
  4550 | D:6      | Reached XP level 8. HP: 30/51 MP: 8/8
  4835 | D:6      | Reached skill level 5 in Maces & Flails
  4950 | D:6      | Found a large runed translucent door.
  4950 | D:6      | Found a large runed translucent door.
  4951 | D:6      | Noticed patfeehan111222's ghost (novice DsBe)
  4987 | D:6      | Found an opulent altar of Gozag.
  5109 | D:6      | HP: 1/51 [orc wizard/+0 dagger (3)]
  5111 | D:6      | Killed from afar by an orc priest

Illustrated notes

Levels and vault maps discovered:
D:1:      saegor_arrival_simple_d, layout_basic
D:2:      layout_basic, minmay_misc_feat_chi
D:3:      layout_basic
D:4:      layout_gridville
D:5:      layout_loops_cross
D:6:      layout_loops_ring, nicolae_gozag_cash_rules_everything_around_me,
          ebering_ghost_disaster_area, minmay_hedge_maze

Skill      XL: |  1  2  3  4  5  6  7  8 |
---------------+-------------------------+-----
Fighting       | 4 5 6 |  6.3
Armour         | 4 5 6 |  6.3
Shields        | 4 5 6 |  6.3
Maces & Flails | 3 4 5 |  5.2

Action                     |  1- 3 |  4- 6 |  7- 9 || total
---------------------------+-------+-------+-------++-------
  Melee: Flail             |    81 |   187 |   167 ||   435
  Throw: Dart              |       |     2 |       ||     2
    Use: Scroll            |       |     8 |     9 ||    17
 Armour: Scale mail        |    63 |   102 |       ||   165
         Ring mail         |       |    14 |    96 ||   110
  Dodge: Dodged            |    36 |    99 |   119 ||   254
  Block: Buckler           |    21 |    42 |    41 ||   104

Table legend: (Time is in decaauts)
 A = Elapsed time spent in this place.
 B = Non-inter-level travel time spent in this place.
 C = Inter-level travel time spent in this place.
 D = Time resting spent in this place.
 E = Time spent auto-exploring this place.
 F = Levels seen in this place.
 G = Mean time per level.
                   A        B        C        D        E       F      G
               +--------+--------+--------+--------+--------+-----+--------+
         Total |   5226 |   4998 |    228 |    433 |   3557 |   6 |  871.0 |
       Dungeon |   5226 |   4998 |    228 |    433 |   3557 |   6 |  871.0 |
               +--------+--------+--------+--------+--------+-----+--------+

Top non-repeatable levels by time:
     D:2: 1136 daAuts
     D:4: 1064 daAuts
     D:5: 893 daAuts
     D:3: 792 daAuts
     D:6: 679 daAuts
     D:1: 660 daAuts
